 Dungeon Crawl Stone Soup version 0.29-a0-40-g8eb35efe60 (webtiles) character file.

Game seed: 3806975058656152420

165 HallandMoats the Skirmisher (level 5, -16/47 HPs)
             Began as a Ghoul Monk on Feb 1, 2022.
             Was a Believer of Qazlal.
             Demolished by Crazy Yiuf (20 damage)
             ... on level 3 of the Dungeon.
             The game lasted 00:02:42 (2581 turns).

HallandMoats the Skirmisher (Ghoul Monk)            Turns: 2581, Time: 00:02:42

Health: -16/47     AC:  6    Str: 15    XL:     5   Next: 46%
Magic:  5/5        EV: 10    Int:  5    God:    Qazlal [**....]
Gold:   132        SH:  2    Dex: 13    Spells: 4/4 levels left

rFire   . . .      SeeInvis .     - Unarmed
rCold   + . .      Faith    .   (no shield)
rNeg    + + +      Spirit   .   b - +0 scale mail
rPois   ∞          Reflect  .   (no helmet)
rElec   .          Harm     .   (no cloak)
rCorr   .          Rampage  .   (no gloves)
Will    .....                   (no boots)
Stlth   +.........              (no amulet)
HPRegen 0.00/turn               (no ring)
MPRegen 0.09/turn               (no ring)

@: inhibited regen
A: claws 1, cold resistance 1, negative energy resistance 3, inhibited
regeneration, torment resistance 2
a: Renounce Religion, Upheaval


You were on level 3 of the Dungeon.
You worshipped Qazlal.
Qazlal was pleased with you.
You visited 1 branch of the dungeon, and saw 3 of its levels.

You collected 132 gold pieces.

Inventory:

Armour
 b - a +0 scale mail (worn)
Wands
 g - a wand of paralysis (5)
Scrolls
 a - a scroll of enchant armour {unknown}
 c - a scroll of fear {unknown}
Potions
 d - a potion of cancellation
 f - a potion of brilliance {unknown}


   Skills:
 * Level 4.6 Fighting
 + Level 1.3 Armour
 + Level 3.1 Dodging
 - Level 2.1 Stealth
 * Level 4.4 Unarmed Combat
 + Level 1.7 Invocations


You had 4 spell levels left.
You didn't know any spells.
Your spell library was empty.

Dungeon Overview and Level Annotations

Branches:
Dungeon (3/15)

Altars:
Ashenzari
Fedhas
Qazlal
Zin

Annotations:
D:3 2 transporters, Crazy Yiuf; taxman66's ghost, amateur BaEn


Innate Abilities, Weirdness & Mutations

You thrive by killing the living.
You are immune to poison.
You have sharp fingernails.
Your flesh is cold resistant. (rC+)
You are immune to negative energy. (rN+++)
You do not regenerate when monsters are visible.
You are immune to unholy pain and torment.


Message History

The fungus is lightly damaged.
You scratch the fungus.
The fungus is lightly damaged.
You scratch the fungus.
The fungus is lightly damaged.
You scratch the fungus.
The fungus is lightly damaged.
A nearby fungus withers and dies.
Found a mace.
Found a runed translucent door.
Crazy Yiuf shouts!
Could not explore, unopened runed door.
You open the door.
Crazy Yiuf whimpers, "Pitchfork!"
You scratch Crazy Yiuf but do no damage.
Crazy Yiuf drinks a potion.
Crazy Yiuf seems to grow stronger.
You closely miss Crazy Yiuf.
Crazy Yiuf laughs, "East!"
Crazy Yiuf closely misses you.
You barely miss Crazy Yiuf. You scratch Crazy Yiuf.
Crazy Yiuf is lightly wounded.
Crazy Yiuf says, "Key broken pontify!"
Crazy Yiuf hits you but does no damage.
You are electrocuted!
You scratch Crazy Yiuf. You claw Crazy Yiuf.
Crazy Yiuf is severely wounded.
Crazy Yiuf barely misses you.
You barely miss Crazy Yiuf.
Crazy Yiuf is severely wounded.
Crazy Yiuf hits you with a +3 quarterstaff of chaos.
Crazy Yiuf burns you.
You scratch Crazy Yiuf but do no damage.
Crazy Yiuf is severely wounded.
Crazy Yiuf hits you with a +3 quarterstaff of chaos!
* * * LOW HITPOINT WARNING * * *
Crazy Yiuf burns you.
* * * LOW HITPOINT WARNING * * *
You scratch Crazy Yiuf but do no damage.
Crazy Yiuf is severely wounded.
Crazy Yiuf hits you with a +3 quarterstaff of chaos!!
You die...

###.....#.............#
#.........#.#########.#
#.......###.# #.#
#....#### ### #.#
###..# #.# ####
#######.## ###
###.#.P.#..#
#...##..#.PP....#
#...g@####......#
#)..### ##P.#.## ###
######


You could see Crazy Yiuf (strong).

Vanquished Creatures
  A jelly (D:3)
  7 adders
  2 worms (D:3)
  4 orcs (D:3)
  5 bats
  5 endoplasms
  A giant cockroach (D:1)
  5 goblins
  8 hobgoblins
  2 jackals (D:3)
  7 kobolds
  A quokka (D:1)
  5 ball pythons
  4 frilled lizards
  4 rats
61 creatures vanquished.

Vanquished Creatures (others)
  2 fungi (D:3)
  3 plants (D:3)
5 creatures vanquished.

Grand Total: 66 creatures vanquished

Notes
Turn   | Place    | Note
-------+----------+-------------------------------------------
     0 | D:1      | HallandMoats the Ghoul Monk began the quest for the Orb.
     0 | D:1      | Reached XP level 1. HP: 19/19 MP: 0/0
   193 | D:1      | Reached XP level 2. HP: 24/26 MP: 1/1
   728 | D:2      | Reached skill level 1 in Invocations
   728 | D:2      | Reached XP level 3. HP: 29/33 MP: 2/2
  1216 | D:2      | Reached XP level 4. HP: 38/40 MP: 3/3
  1255 | D:2      | Reached skill level 1 in Armour
  1593 | D:3      | Reached XP level 5. HP: 39/47 MP: 5/5
  2106 | D:3      | Identified the +1 leather armour "Veug" {Harm Will+ Regen+
                  | Str-3}
  2113 | D:3      | Found a transporter.
  2116 | D:3      | Noticed taxman66's ghost (amateur BaEn)
  2116 | D:3      | Noticed an ogre
  2117 | D:3      | Identified the +7 giant club "Xidghuk" {vamp, Str+8 Int+2
                  | Stlth-}
  2117 | D:3      | Noticed an ogre
  2118 | D:3      | Noticed an ogre
  2122 | D:3      | Found a transporter.
  2160 | D:3      | Found a broken altar of Ashenzari.
  2481 | D:3      | Found a blossoming altar of Fedhas.
  2486 | D:3      | Found a stormy altar of Qazlal.
  2502 | D:3      | Became a worshipper of Qazlal Stormbringer
  2502 | D:3      | Reached * piety under Qazlal
  2502 | D:3      | Reached ** piety under Qazlal
  2569 | D:3      | Found a runed translucent door.
  2570 | D:3      | Noticed Crazy Yiuf
  2581 | D:3      | Demolished by Crazy Yiuf

Illustrated notes

Levels and vault maps discovered:
D:1:      wheals_arrival_shading, layout_loops_cross
D:2:      layout_loops_cross
D:3:      cheibrodos_old_hovel, layout_basic, ashenzari_conservatory_becter,
          minitemple, gammafunk_ghost_smash, grunt_decor_fettered,
          uniq_crazy_yiuf_cottage

Skill      XL: |  1  2  3  4 |
---------------+-------------+-----
Invocations    | 1 |  1.7
Fighting       | 4 |  4.6
Dodging        | 3 |  3.1
Unarmed Combat | 4 |  4.4
Armour         | 1 |  1.3
Stealth        | |  2.1

Action                   |  1- 3 |  4- 6 || total
-------------------------+-------+-------++-------
Melee: Unarmed           |   111 |   120 ||   231
       Punch             |     5 |     5 ||    10
  Use: Scroll            |       |     2 ||     2
 Stab: Sleeping          |     2 |       ||     2
Armor: Scale mail        |    25 |    47 ||    72
       Robe              |     5 |       ||     5
Dodge: Dodged            |    63 |    42 ||   105

Table legend: (Time is in decaauts)
 A = Elapsed time spent in this place.
 B = Non-inter-level travel time spent in this place.
 C = Inter-level travel time spent in this place.
 D = Time resting spent in this place.
 E = Time spent auto-exploring this place.
 F = Levels seen in this place.
 G = Mean time per level.
                   A        B        C        D        E       F      G
               +--------+--------+--------+--------+--------+-----+--------+
         Total |   2564 |   2470 |     94 |      0 |   2042 |   3 |  854.7 |
       Dungeon |   2564 |   2470 |     94 |      0 |   2042 |   3 |  854.7 |
               +--------+--------+--------+--------+--------+-----+--------+

Top non-repeatable levels by time:
     D:3: 1086 daAuts
     D:2: 778 daAuts
     D:1: 699 daAuts
